 Dungeon Crawl Stone Soup version 0.28-a0-998-gb9e9c7b (webtiles) character file.

Game seed: 15755454146514404724

229 Dorkslayer the Chopper (level 6, 0/42 HPs)
             Began as an Octopode Fighter on Dec 5, 2021.
             Was an Initiate of Dithmenos.
             Slain by a jelly (2 damage)
             ... on level 4 of the Dungeon.
             The game lasted 00:08:23 (3279 turns).

Dorkslayer the Chopper (Octopode Fighter)           Turns: 3279, Time: 00:08:24

Health: 0/42       AC: -3    Str: 17    XL:     6   Next: 3%
Magic:  6/6        EV: 13    Int: 10    God:    Dithmenos [......]
Gold:   112        SH:  4    Dex: 12    Spells: 5/5 levels left

rFire   . . .      SeeInvis .   a - +4 war axe
rCold   . . .      Faith    .   b - +0 buckler
rNeg    . . .      Spirit   .   (helmet restricted)
rPois   .          Reflect  .   (no amulet)
rElec   .          Harm     .   (no ring)
rCorr   .          Rampage  .   (no ring)
Will    .....                   (no ring)
Stlth   +++.......              (no ring)
HPRegen 0.14/turn               (no ring)
MPRegen 0.10/turn               (no ring)
                                (no ring)
                                (no ring)

@: corroded
A: almost no armour, amphibious, 8 rings, camouflage 1, gelatinous body 1,
(nimble swimmer 1), tentacles
a: Renounce Religion


You were on level 4 of the Dungeon.
You worshipped Dithmenos.
Dithmenos was noncommittal.
You visited 2 branches of the dungeon, and saw 5 of its levels.

You collected 112 gold pieces.

Inventory:

Hand Weapons
 a - a +4 war axe (weapon)
Missiles
 c - a throwing net (quivered)
 m - 3 boomerangs
Armour
 b - a +0 buckler (worn)
Wands
 n - a wand of paralysis (3)
Scrolls
 g - a scroll of brand weapon {unknown}
 j - a scroll of enchant armour {unknown}
 l - a scroll of fog {unknown}
Potions
 e - a potion of mutation
 h - a potion of lignification
 i - a potion of berserk rage


   Skills:
 + Level 3.5 Fighting
 + Level 4.5 Axes
 + Level 3.6 Dodging
 + Level 2.9 Stealth
 + Level 3.3 Shields


You had 5 spell levels left.
You didn't know any spells.
Your spell library contained the following spells:

 Spells                   Type           Power      Damage    Failure   Level
 Blink                    Tloc           0%         N/A       52%         2
 Sublimation of Blood     Necr           0%         N/A       52%         2
 Wereblood                Tmut           0%         N/A       52%         2
 Lesser Beckoning         Tloc           0%         N/A       77%         3
 Manifold Assault         Tloc           0%         N/A       100%        5
 Malign Gateway           Summ/Tloc      0%         N/A       100%        7
 Spellforged Servitor     Conj/Summ      0%         N/A       100%        7
 Summon Hydra             Summ           0%         N/A       100%        7


Dungeon Overview and Level Annotations

Branches:
Dungeon (4/15)             Temple (1/1) D:4

Altars:
Ashenzari
Cheibriados
Dithmenos
Ru
Trog
Vehumet

Shops:
D:1 *   D:2 :


Innate Abilities, Weirdness & Mutations

You cannot wear most types of armour.
You are amphibious.
You can wear up to eight rings at the same time.
Your skin changes colour to match your surroundings (Stealth+).
Your rubbery body absorbs attacks. (AC +1, EV +1)
((You are camouflaged near water. (Stealth+)))
You have tentacles for arms and can constrict up to eight enemies at once.


Message History

You barely miss the orc.
The orc shouts! x2; The ogre shouts!
Your grab misses the orc. The orc misses you.
You slash the orc!
You kill the orc!
Dithmenos accepts your kill.
You strike the helpless orc from behind!
You slash the orc!
You kill the orc!
Dithmenos accepts your kill.
You flicker for a moment.
The orc misses you.
The iguana hisses angrily.
The orc shouts!
You hit the orc. Your grab misses the orc. You squeeze the orc.
You kill the orc!
Dithmenos accepts your kill.
You barely miss the ogre. The ogre hits you with a +0 giant club!
You slash the ogre!
The ogre is heavily wounded.
You hit the jelly.
Your tentacles burn!
You flicker back into view.
The iguana hisses angrily.
The ogre closely misses you. The jelly barely misses you.
You slash the ogre!
The ogre is severely wounded.
You barely miss the orc. You hit the jelly.
Your tentacles burn!
You block the orc's attack. The ogre misses you. The jelly hits you.
* * * LOW HITPOINT WARNING * * *
The acid corrodes you!
You are splashed with acid.
* * * LOW HITPOINT WARNING * * *
The orc misses you.
You slash the iguana! You grab the iguana. You squeeze the iguana.
You kill the iguana!
Dithmenos accepts your kill.
You have reached level 6!
You hit the jelly.
Your tentacles burn!
* * * LOW HITPOINT WARNING * * *
The jelly is severely wounded.
The jelly hits you.
You die...

#.†..........).........
###...............).....#
#..............)........#
#.......................#
#.......................#
........................#
###..............O.......
###############J#......
#.@..>##### #####.# .# #


You could see an ogre and a jelly.

Vanquished Creatures
  An iguana (D:4)
  A hound zombie (D:3)
  A hound skeleton (D:4)
  7 gnolls (D:2)
  A howler monkey skeleton (D:2)
  An ufetubus (D:4)
  An adder skeleton (D:3)
  8 orcs
  7 bats
  10 endoplasms
  4 giant cockroaches
  7 goblins
  4 hobgoblins
  4 jackals (D:2)
  7 kobolds
  4 quokkas
  4 ball pythons
  3 frilled lizards
  3 rats
  A spectral hobgoblin (D:2)
79 creatures vanquished.

Notes
Turn   | Place    | Note
-------+----------+-------------------------------------------
     0 | D:1      | Dorkslayer the Octopode Fighter began the quest for the
                  | Orb.
     0 | D:1      | Reached XP level 1. HP: 16/16 MP: 1/1
   354 | D:1      | Found Cexod's Assorted Antiques.
   401 | D:1      | Reached XP level 2. HP: 21/21 MP: 2/2
  1091 | D:2      | Reached XP level 3. HP: 25/26 MP: 3/3
  1314 | D:2      | Reached skill level 3 in Axes
  1314 | D:2      | Reached skill level 1 in Stealth
  1314 | D:2      | Reached XP level 4. HP: 3/31 MP: 4/4
  1596 | D:2      | Found Ossefarch's Book Shoppe.
  1610 | D:2      | Found a faded altar of an unknown god.
  1745 | D:2      | Found a radiant altar of Vehumet.
  1775 | D:2      | Reached XP level 5. HP: 29/36 MP: 5/5
  2020 | D:3      | Got Plog's Reference Book on Creation
  2089 | D:3      | Reached skill level 4 in Axes
  3122 | D:4      | Found a staircase to the Ecumenical Temple.
  3155 | Temple   | Entered the Ecumenical Temple
  3204 | Temple   | Became a worshipper of Dithmenos the Shadowed
  3257 | D:4      | Noticed an ogre
  3279 | D:4      | Reached XP level 6. HP: 3/42 MP: 6/6
  3279 | D:4      | HP: 1/42 [acid (2)]
  3279 | D:4      | Slain by a jelly

Illustrated notes

Levels and vault maps discovered:
D:1:      kilobyte_arrival_exit_the_forest, layout_basic, serial_shops,
          nicolae_shop_overgrown_old_shop, st_stairs_2
D:2:      layout_loops_cross, basic_altar,
          dreamdust_ecumenical_altar_drowned_temple, serial_shops, shop
D:3:      layout_basic, grunt_ministairs_6, roderic_lattice_a
D:4:      layout_basic, minmay_temple_entry_glass
Temple:   regret_index_temple_generic_petals

Skill      XL: |  1  2  3  4  5 |
---------------+----------------+-----
Axes           | 3 4 |  4.5
Stealth        | 1 2 |  2.9
Fighting       | |  3.5
Dodging        | |  3.6
Shields        | |  3.3

Action                   |  1- 3 |  4- 6 || total
-------------------------+-------+-------++-------
Melee: War axe           |    45 |   103 ||   148
       Constrict         |     9 |    22 ||    31
       Tentacles         |     6 |    13 ||    19
Throw: Throwing net      |       |     1 ||     1
  Use: Potion            |     2 |     1 ||     3
       Scroll            |       |     8 ||     8
 Stab: Sleeping          |     1 |     7 ||     8
       Invisible         |       |     1 ||     1
Armor: Skin              |     5 |     8 ||    13
Dodge: Dodged            |    29 |    69 ||    98
Block: Buckler           |    10 |    18 ||    28

Table legend: (Time is in decaauts)
 A = Elapsed time spent in this place.
 B = Non-inter-level travel time spent in this place.
 C = Inter-level travel time spent in this place.
 D = Time resting spent in this place.
 E = Time spent auto-exploring this place.
 F = Levels seen in this place.
 G = Mean time per level.
                   A        B        C        D        E       F      G
               +--------+--------+--------+--------+--------+-----+--------+
         Total |   3331 |   3331 |      0 |    548 |   1062 |   5 |  666.2 |
       Dungeon |   3258 |   3258 |      0 |    548 |   1062 |   4 |  814.5 |
        Temple |     72 |     72 |      0 |      0 |      0 |   1 |   72.0 |
               +--------+--------+--------+--------+--------+-----+--------+

Top non-repeatable levels by time:
     D:1: 1064 daAuts
     D:2: 957 daAuts
     D:3: 871 daAuts
     D:4: 366 daAuts
  Temple: 72 daAuts
